 Dungeon Crawl Stone Soup version 0.30-a0-341-g682706514a (webtiles) character file.

Game seed: 11883973396814757454

1989 ragingrage the Skirmisher (level 9, -7/61 HPs)
             Began as a Formicid Hunter on Nov 1, 2022.
             Was an Initiate of Hepliaklqana.
             Engulfed by a cloud of steam (16 damage)
             ... on level 8 of the Dungeon.
             The game lasted 00:05:51 (5073 turns).

ragingrage the Skirmisher (Formicid Hunter)         Turns: 5073, Time: 00:05:52

Health: -7/61      AC:  4    Str: 16    XL:     9   Next: 44%
Magic:  9/9        EV: 13    Int:  9    God:    Hepliaklqana [......]
Gold:   291        SH:  0    Dex: 25    Spells: 6/8 levels left

rFire   . . .      SeeInvis +    b - +8 trident "Qaly" {drain, *Rage rN++ Dex+4}
rCold   + . .      Faith    .    (no shield)
rNeg    + + .      Spirit   .    m - +1 robe {rC+}
rPois   .          Reflect  .    (helmet unavailable)
rElec   .          Harm     .    (no cloak)
rCorr   .          Rampage  .    p - +0 pair of gloves
Will    .....                    (no boots)
Stlth   ++........               (no amulet)
HPRegen 0.30/turn                (no ring)
MPRegen 0.11/turn                (no ring)

@: no status effects
A: permanent stasis, dig shafts and tunnels, antennae 3, four strong arms
a: Dig, Shaft Self, Renounce Religion


You were on level 8 of the Dungeon.
You worshipped Hepliaklqana.
Hepliaklqana was noncommittal.
You visited 2 branches of the dungeon, and saw 7 of its levels.

You collected 291 gold pieces.

Inventory:

Hand Weapons
 a - a +0 shortbow
 b - the +8 trident "Qaly" (weapon) {drain, *Rage rN++ Dex+4}
   (You found it on level 3 of the Dungeon)

   A truly terrible weapon, it drains the life of any living foe it strikes.
   Dex:       It affects your dexterity (+4).
   rN:        It greatly protects you from negative energy.
   *Rage:     It berserks you when you make melee attacks (+20% chance).
 x - a +2 falchion
Missiles
 s - 2 throwing nets
Armour
 c - a +0 leather armour
 m - a +1 robe of cold resistance (worn)
 p - a +0 pair of gloves (worn)
Jewellery
 r - a ring of ice
Wands
 A - a wand of iceblast (10)
Scrolls
 d - 2 scrolls of vulnerability {unknown}
 e - 2 scrolls of teleportation {unknown}
 i - 3 scrolls of butterflies
 k - 2 scrolls of torment {unknown}
 l - 6 scrolls of identify {unknown}
 t - 3 scrolls of immolation
 u - 2 scrolls of noise {unknown}
 w - a scroll of enchant armour {unknown}
 y - a scroll of amnesia {unknown}
 z - a scroll of poison {unknown}
 B - a scroll of enchant weapon {unknown}
 D - a scroll of magic mapping {unknown}
 E - a scroll of blinking {unknown}
Potions
 f - a potion of degeneration {unknown}
 g - a potion of resistance {unknown}
 h - a potion of curing
 j - a potion of flight {unknown}
 n - a potion of brilliance {unknown}
 o - 3 potions of might {unknown}
 q - 2 potions of heal wounds {unknown}
 v - 2 potions of mutation {unknown}
 C - a potion of attraction {unknown}


   Skills:
 - Level 2.1 Fighting
 + Level 12.4 Ranged Weapons
 - Level 1.7 Dodging
 - Level 1.2 Stealth


You had 6 spell levels left.
You knew the following spells:

 Your Spells              Type           Power      Damage    Failure   Level
a - Wereblood             Tmut           0%         N/A       52%         2

Your spell library contained the following spells:

 Spells                   Type           Power      Damage    Failure   Level
 Beastly Appendage        Tmut           0%         N/A       38%         1
 Slow                     Hex            0%         N/A       38%         1
 Confusing Touch          Hex            0%         N/A       77%         3
 Spider Form              Tmut/Pois      0%         N/A       77%         3
 Vampiric Draining        Necr           0%         2d6       77%         3


Dungeon Overview and Level Annotations

Branches:
Dungeon (5/15)             Temple (1/1) D:5

Altars:
Ashenzari
Dithmenos
Elyvilon
Gozag
Hepliaklqana
Kikubaaqudgha
Makhleb
Nemelex Xobeh
Qazlal
Ru
Sif Muna
Trog
Vehumet
Yredelemnul
Zin
The Shining One

Shops:
D:2 (

Annotations:
D:5 Sigmund


Innate Abilities, Weirdness & Mutations

You cannot be hasted, slowed, berserked, paralysed or teleported.
You can dig through walls and to a lower floor.
You have a pair of large antennae on your head. (SInv)
Your four strong arms can wield two-handed weapons with a shield.


Message History

The gnoll bouda is almost dead.
The gnoll bouda closely misses you.
The gnoll bouda mumbles some strange prayers to its god.
The gnoll bouda is healed somewhat.
Reach: b) +8 trident "Qaly" {drain, *Rage rN++ Dex+4}
Press: ? - help, Dir - move target, f/p - gnoll bouda
Aim: a gnoll bouda, wielding a +0 whip and wearing a +0 leather armour (almost dead, heavily drained, about 26% to evade the +8 trident "Qaly")
You hit the gnoll bouda.
You kill the gnoll bouda!
Reach: b) +8 trident "Qaly" {drain, *Rage rN++ Dex+4}
Press: ? - help, Dir - move target, f - gnoll
Aim: a gnoll, wielding a +0 flail (covering ground quickly, about 26% to evade the +8 trident "Qaly")
You hit the gnoll. You drain the gnoll.
The gnoll is almost dead.
The gnoll barely misses you.
Reach: b) +8 trident "Qaly" {drain, *Rage rN++ Dex+4}
Press: ? - help, Dir - move target, f - steam dragon, p - gnoll
Aim: a steam dragon (about 29% to evade the +8 trident "Qaly")
You reach to attack!
You hit the steam dragon. You drain the steam dragon.
The steam dragon is heavily wounded.
The gnoll hits you with a +0 flail! x2
* * * LOW HITPOINT WARNING * * *
Reach: b) +8 trident "Qaly" {drain, *Rage rN++ Dex+4}
Press: ? - help, Dir - move target, f/p - steam dragon
Aim: a steam dragon (moderately wounded, lightly drained, about 29% to evade the +8 trident "Qaly")
You reach to attack!
You puncture the steam dragon! You drain the steam dragon.
The steam dragon is almost dead.
The gnoll barely misses you. The steam dragon breathes steam at you.
The ball of steam hits the gnoll!
The gnoll dies!
The ball of steam hits you!
* * * LOW HITPOINT WARNING * * *
Reach: b) +8 trident "Qaly" {drain, *Rage rN++ Dex+4}
Press: ? - help, Dir - move target, f/p - steam dragon
Aim: a steam dragon (almost dead, catching its breath, heavily drained, about 29% to evade the +8 trident "Qaly")
You reach to attack!
You puncture the steam dragon!
You kill the steam dragon!
You are engulfed in a cloud of scalding steam.
You die...

#.##.#.......# #....#)#####.#
#.#. ######)# #####.#. # #.#
... ... # #.# #.. ... # # #)#
#.# #.# .# # #)# #.# #.# ..#
######.########§###.####.#.#.
..............§§@§).)..?....g
######.##.....§§###..........
))bb...##...)...# #..........
#########.......# #..........
#.......# #......$...
#.........## #.......... {
#...).....# #.......... .
#........## #.........# Y
..........# #..........


There were no monsters in sight!

Vanquished Creatures
  A yak (D:8)
  A steam dragon (D:8)
  Edmund (D:4)
  A water moccasin (D:5)
  A black bear (D:5)
  An ice beast (D:8)
  A centaur (D:8)
  2 bullfrogs (D:8)
  4 necrophages
  3 scorpions
  2 wights (D:4)
  2 centaur zombies (D:4)
  A bullfrog zombie (D:4)
  A gnoll bouda (D:8)
  3 hounds
  A human zombie (D:4)
  4 orc priests
  2 orc wizards
  2 scorpion zombies (D:4)
  A mummy (D:4)
  6 adders
  8 gnolls
  An adder zombie (D:4)
  A worm (D:4)
  7 orcs
  5 bats
  9 endoplasms
  7 giant cockroaches
  14 goblins
  14 hobgoblins
  7 jackals
  5 kobolds
  2 quokkas (D:2)
  4 ball pythons
  A frilled lizard (D:2)
  A rat (D:3)
127 creatures vanquished.

Vanquished Creatures (others)
  A gnoll (D:8)
1 creature vanquished.

Grand Total: 128 creatures vanquished

Notes
Turn   | Place    | Note
-------+----------+-------------------------------------------
     0 | D:1      | ragingrage the Formicid Hunter began the quest for the Orb.
     0 | D:1      | Reached XP level 1. HP: 16/16 MP: 1/1
   259 | D:1      | Reached XP level 2. HP: 20/22 MP: 2/2
   919 | D:1      | Reached XP level 3. HP: 27/27 MP: 3/3
  1070 | D:2      | Reached skill level 5 in Ranged Weapons
  1107 | D:2      | Reached XP level 4. HP: 22/33 MP: 4/4
  1204 | D:2      | Found Tauso's Weapon Boutique.
  1294 | D:2      | Learned a level 2 spell: Wereblood
  1970 | D:3      | Reached XP level 5. HP: 38/38 MP: 5/5
  1975 | D:3      | Reached skill level 6 in Ranged Weapons
  2125 | D:3      | Identified the +8 trident "Qaly" {drain, *Rage rN++ Dex+4}
  2230 | D:3      | Reached XP level 6. HP: 44/44 MP: 6/6
  2706 | D:4      | Reached skill level 7 in Ranged Weapons
  2868 | D:4      | Reached XP level 7. HP: 30/49 MP: 7/7
  2942 | D:4      | Reached skill level 8 in Ranged Weapons
  3311 | D:4      | Reached skill level 9 in Ranged Weapons
  3313 | D:4      | Found a basalt altar of Yredelemnul.
  3357 | D:4      | Reached XP level 8. HP: 52/56 MP: 8/8
  3460 | D:4      | Noticed Edmund
  3471 | D:4      | Killed Edmund
  3773 | D:4      | Found a white marble altar of Elyvilon.
  3833 | D:5      | Entered Level 5 of the Dungeon
  3843 | D:5      | Reached skill level 10 in Ranged Weapons
  3896 | D:5      | Found a staircase to the Ecumenical Temple.
  3958 | Temple   | Entered the Ecumenical Temple
  4015 | Temple   | Became a worshipper of Hepliaklqana the Forgotten
  4163 | D:5      | Reached skill level 11 in Ranged Weapons
  4349 | D:5      | Noticed Sigmund
  4366 | D:5      | You fall into a shaft and drop 3 floors!
  4407 | D:8      | Reached XP level 9. HP: 23/61 MP: 9/9
  4630 | D:8      | Reached skill level 12 in Ranged Weapons
  5073 | D:8      | Engulfed by a cloud of steam

Illustrated notes

Levels and vault maps discovered:
D:1:      matt_arrival_los_fun, layout_loops_corners, st_stairs_1
D:2:      cheibrodos_greedy_goblins, layout_basic, serial_shops, shop,
          minmay_hexomino_c4
D:3:      layout_loops_ring
D:4:      layout_basic, lemuel_mausoleum_altar_yredelemnul,
          nicolae_overflow_crystal_walls, uniq_edmund
D:5:      layout_gridville, nicolae_uskayaw_en_pointe,
          minmay_temple_entry_glass, uniq_sigmund
D:8:      layout_basic, mainiacjoe_overflow_cross_hatched
Temple:   compressed_dpeg_circular_temple

Skill      XL: |  1  2  3  4  5  6  7  8  9 |
---------------+----------------------------+-----
Ranged Weapons | 5 6 7 9 11 12 | 12.4
Fighting       | |  2.1
Dodging        | |  1.7
Stealth        | |  1.2

Action                   |  1- 3 |  4- 6 |  7- 9 || total
-------------------------+-------+-------+-------++-------
Melee: Trident           |       |    21 |   113 ||   134
       Punch             |       |       |     1 ||     1
 Fire: Shortbow          |    79 |   139 |   114 ||   332
 Abil: Shaft Self        |       |       |     1 ||     1
  Use: Potion            |       |       |     5 ||     5
       Scroll            |       |       |     1 ||     1
 Stab: Sleeping          |       |       |     5 ||     5
Armor: Leather armour    |    15 |       |       ||    15
       Robe              |     8 |    14 |    26 ||    48
Dodge: Dodged            |    43 |    31 |   102 ||   176

Table legend: (Time is in decaauts)
 A = Elapsed time spent in this place.
 B = Non-inter-level travel time spent in this place.
 C = Inter-level travel time spent in this place.
 D = Time resting spent in this place.
 E = Time spent auto-exploring this place.
 F = Levels seen in this place.
 G = Mean time per level.
                   A        B        C        D        E       F      G
               +--------+--------+--------+--------+--------+-----+--------+
         Total |   5138 |   5002 |    136 |   1346 |   2561 |   7 |  734.0 |
       Dungeon |   5070 |   4944 |    126 |   1346 |   2556 |   6 |  845.0 |
        Temple |     68 |     58 |     10 |      0 |      5 |   1 |   68.0 |
               +--------+--------+--------+--------+--------+-----+--------+

Top non-repeatable levels by time:
     D:4: 1189 daAuts
     D:1: 1022 daAuts
     D:2: 905 daAuts
     D:3: 779 daAuts
     D:8: 703 daAuts
     D:5: 468 daAuts
  Temple: 68 daAuts
